 Dungeon Crawl Stone Soup version 0.21-a0-278-ga722497 (webtiles) character file.

8789 pkoi the Carver (level 11, -1/91 HPs)
             Began as a Red Draconian Monk on Sept 20, 2017.
             Was a High Priest of Okawaru.
             Killed from afar by a gargoyle (28 damage)
             ... with a stone arrow
             ... on level 10 of the Dungeon.
             The game lasted 00:21:27 (12599 turns).

pkoi the Carver (Red Draconian Monk)               Turns: 12599, Time: 00:21:27

Health: -1/91      AC: 10    Str: 14    XL:     11   Next: 14%
Magic:  17/17      EV: 15    Int: 22    God:    Okawaru [*****.]
Gold:   315        SH:  0    Dex: 15    Spells: 9/18 levels left

rFire    + + .     SeeInvis .   a - +1 falchion
rCold    + . .     Gourm    .   (no shield)
rNeg     . . .     Faith    .   (armour unavailable)
rPois    .         Spirit   .   (helmet restricted)
rElec    .         Reflect  .   r - +1 cloak
rCorr    .         Harm     .   D - +0 pair of gloves "Fifi" {rF+}
MR       .....     Clarity  +   (no boots)
Stlth    ++........             (no amulet)
HPRegen  0.25/turn              l - +5 ring of intelligence
MPRegen  0.15/turn              k - +3 ring of intelligence

@: short of breath
A: breathe fire, unfitting armour, agile 1, blink, clarity, cold resistance 1,
fire resistance 1, cold-blooded, AC +7
a: Breathe Fire, Blink, Heroism, Finesse, Renounce Religion


You were on level 10 of the Dungeon.
You worshipped Okawaru.
Okawaru was extremely pleased with you.
You were very hungry.

You visited 2 branches of the dungeon, and saw 11 of its levels.
You also visited: Sewer.

You collected 406 gold pieces.
You spent 91 gold pieces at shops.

Inventory:

Hand Weapons
 a - a +1 falchion (weapon)
Armour
 r - a +1 cloak (worn)
 D - the +0 pair of gloves "Fifi" (worn) {rF+}
   (Okawaru gifted it to you on level 9 of the Dungeon)

   It protects you from fire.
Jewellery
 k - a +3 ring of intelligence (right hand)
 l - a +5 ring of intelligence (left hand)
Wands
 c - a wand of paralysis (12/24)
 i - a wand of digging (24/24)
 u - a wand of lightning (8/15)
Scrolls
 f - 2 scrolls of enchant weapon
 g - 10 scrolls of identify
 o - 7 scrolls of teleportation
 p - 6 scrolls of remove curse
 q - a scroll of blinking {unknown}
 s - a scroll of fog
 y - 3 scrolls of magic mapping
Potions
 h - a potion of ambrosia {unknown}
 m - 4 potions of curing
 n - a potion of heal wounds
 w - a potion of resistance
 z - a potion of agility
 C - 2 potions of invisibility
 E - 3 potions of flight
Books
 d - a book of Minor Magic

   Spells                             Type                      Level
   a - Magic Dart                     Conjuration                  1
   b - Blink                          Translocation                2
   c - Call Imp                       Summoning                    2
   d - Slow                           Hexes                        2
   e - Conjure Flame                  Conjuration/Fire             3
   f - Mephitic Cloud                 Conjuration/Poison/Air       3
Comestibles
 b - 4 bread rations
 j - 4 meat rations
 v - 2 royal jellies


   Skills:
 + Level 6.4 Fighting
 + Level 10.6 Long Blades
 + Level 5.4 Dodging
 - Level 1.7 Stealth
 - Level 4.3 Spellcasting
 + Level 5.8 Conjurations
 - Level 4.4 Translocations
 + Level 7.0 Fire Magic
 - Level 3.8 Air Magic
 - Level 3.3 Poison Magic


You had 9 spell levels left.
You knew the following spells:

 Your Spells              Type           Power        Failure   Level  Hunger
a - Blink                 Tloc           N/A          2%          2    #......
b - Conjure Flame         Conj/Fire      ####....     2%          3    ##.....
c - Magic Dart            Conj           ####         1%          1    None
d - Mephitic Cloud        Conj/Pois/Air  ###.....     5%          3    ##.....


Dungeon Overview and Level Annotations

Branches:
Dungeon (10/15)            Temple (1/1) D:7            Lair (0/6) D:10
    Orc: D:9-12

Altars:
Ashenzari
Cheibriados
Dithmenos
Elyvilon
Fedhas
Gozag
Hepliaklqana
Kikubaaqudgha
Makhleb
Nemelex Xobeh
Okawaru
Qazlal
Ru
Sif Muna
Trog
Uskayaw
Vehumet
Wu Jian
Xom
Yredelemnul
Zin
The Shining One

Shops:
D:7 =


Innate Abilities, Weirdness & Mutations

You can breathe blasts of fire.
Your fiery red scales are hard. (AC +7)
You cannot fit into any form of body armour.
Your flesh is heat resistant. (rF+)
You are cold-blooded and may be slowed by cold attacks.
You are agile. (Dex +2)
You can translocate small distances at will.
You possess an exceptional clarity of mind.
Your flesh is cold resistant. (rC+)


Message History

Unknown command.
You hit the gargoyle but do no damage.
The gargoyle is almost destroyed.
The gargoyle hits you with a flail!
* * * LOW HITPOINT WARNING * * *
Unknown command.
You hit the gargoyle but do no damage.
The gargoyle is almost destroyed.
The gargoyle barely misses you.
You riposte.
You barely miss the gargoyle.
You tail-slap the gargoyle, but do no damage.
The gargoyle is almost destroyed.
Unknown command.
You barely miss the gargoyle.
You tail-slap the gargoyle, but do no damage.
The gargoyle is almost destroyed.
You barely miss the gargoyle.
The gargoyle is almost destroyed.
The gargoyle hurls a stone arrow at you.
The stone arrow hits you!
You die...

### #.. ..# #.#
####### #.###.#
#.#
%.....9###..#.#
#.# #@#.#.#.#
#.######
##.##.#.#
#.##....
#.##.#.###....<..
#.##.#.##...#.###
#.............#
######.##...###
#.....## #######


You could see a gargoyle.

Vanquished Creatures
  4 two-headed ogres
  The ghost of Cressida the Arsonist, a novice VSFE of Vehumet (D:8)
  Joseph (D:7)
  A troll (D:9)
  Grinder (D:6)
  A hippogriff (D:7)
  4 yaks (D:8)
  Eustachio (D:4)
  3 vampire mosquitoes
  2 porcupines (D:10)
  A water moccasin (D:6)
  An orc warrior (D:7)
  A sky beast (D:5)
  2 ice beasts (D:8)
  A phantom (D:5)
  A black bear (D:10)
  An ogre (D:5)
  3 centaurs
  2 crocodiles
  6 bullfrogs
  A wyvern skeleton (D:6)
  5 killer bees (D:9)
  2 scorpions
  3 wights (D:7)
  A howler monkey (D:9)
  7 crimson imps
  A bullfrog zombie (D:7)
  A hound (D:5)
  2 jellies (D:6)
  10 orc wizards
  A bullfrog skeleton (D:4)
  7 orc priests
  An iguana (D:7)
  Ijyb (D:3)
  10 worker ants
  A killer bee zombie (D:10)
  A hound zombie (D:3)
  4 hound skeletons
  Robin (D:2)
  A worker ant zombie (D:8)
  4 gnolls (D:3)
  11 adders
  3 shadow imps
  An adder skeleton (D:8)
  An adder zombie (D:5)
  2 worms (D:3)
  A dart slug (D:1)
  7 leopard geckos
  40 orcs
  8 giant cockroaches
  15 goblins
  4 hobgoblins
  6 jackals
  15 kobolds
  5 quokkas
  A ball python skeleton (D:4)
  6 bats
  4 frilled lizards
  A jackal skeleton (D:4)
  2 quokka zombies
  5 rats
  A bush (D:6)
242 creatures vanquished.

Vanquished Creatures (others)
  13 fungi (D:10)
  6 plants (D:10)
19 creatures vanquished.

Grand Total: 261 creatures vanquished

Notes
Turn   | Place    | Note
-------+----------+-------------------------------------------
     0 | D:1      | pkoi the Draconian Monk began the quest for the Orb.
     0 | D:1      | Reached XP level 1. HP: 19/19 MP: 1/1
   208 | D:1      | Reached XP level 2. HP: 26/26 MP: 2/2
   676 | D:2      | Reached skill level 4 in Long Blades
   757 | D:2      | Reached XP level 3. HP: 26/31 MP: 3/3
   971 | D:2      | Found a deep blue altar of Sif Muna.
  1213 | D:2      | Reached skill level 5 in Long Blades
  1213 | D:2      | Reached XP level 4. HP: 30/38 MP: 4/4
  1298 | D:2      | Noticed Robin
  1336 | D:2      | Killed Robin
  1642 | D:3      | Reached XP level 5. HP: 35/45 MP: 5/5
  1719 | D:3      | Noticed Ijyb
  1738 | D:3      | Killed Ijyb
  1738 | D:3      | Reached skill level 6 in Long Blades
  1971 | D:3      | Found a shimmering altar of Xom.
  2098 | D:3      | Found a glowing drain.
  2126 | Sewer    | Entered a sewer
  2269 | Sewer    | Noticed a crocodile
  2283 | Sewer    | Killed a crocodile
  2283 | Sewer    | Reached skill level 7 in Long Blades
  2283 | Sewer    | Reached XP level 6. HP: 34/51 MP: 6/6
  3786 | D:4      | Reached skill level 8 in Long Blades
  3789 | D:4      | Your scales start taking on a fiery red colour.
  3789 | D:4      | Reached XP level 7. HP: 57/57 MP: 7/7
  3789 | D:4      | Gained mutation: Your flesh is heat resistant. (rF+) [Red Draconian growth]
  3816 | D:4      | Noticed Eustachio
  3827 | D:4      | Killed Eustachio
  3827 | D:4      | Reached skill level 1 in Spellcasting
  4291 | D:5      | Entered Level 5 of the Dungeon
  4292 | D:5      | Upgraded the game from 0.21-a0-274-gc1afaeb to 0.21-a0-278-ga722497
  4342 | D:5      | Learned a level 2 spell: Blink
  4346 | D:5      | Learned a level 3 spell: Conjure Flame
  4479 | D:5      | Reached skill level 1 in Fire Magic
  4807 | D:5      | Reached skill level 1 in Conjurations
  4807 | D:5      | Reached skill level 1 in Translocations
  4993 | D:5      | Reached XP level 8. HP: 53/66 MP: 9/11
  5527 | D:5      | Found an iron altar of Okawaru.
  5591 | D:5      | Became a worshipper of Warmaster Okawaru
  5591 | D:5      | Reached * piety under Okawaru
  5591 | D:5      | Reached ** piety under Okawaru
  5946 | D:6      | Learned a level 1 spell: Magic Dart
  5952 | D:6      | Found an iron altar of Okawaru.
  6373 | D:6      | Noticed Grinder
  6377 | D:6      | Killed Grinder
  6377 | D:6      | Reached skill level 9 in Long Blades
  6525 | D:6      | Reached XP level 9. HP: 24/71 MP: 14/14
  6952 | D:6      | Found a hazy altar of Hepliaklqana.
  7058 | D:6      | Learned a level 3 spell: Mephitic Cloud
  7454 | D:5      | Found an opulent altar of Gozag.
  7582 | D:7      | Noticed a two-headed ogre
  7597 | D:7      | Killed a two-headed ogre
  7597 | D:7      | Reached *** piety under Okawaru
  7597 | D:7      | Reached skill level 5 in Fire Magic
  8054 | D:7      | Found a staircase to the Ecumenical Temple.
  8064 | Temple   | Entered the Ecumenical Temple
  8362 | D:7      | Noticed Joseph
  8388 | D:7      | Killed Joseph
  8388 | D:7      | Reached **** piety under Okawaru
  8388 | D:7      | Reached skill level 1 in Air Magic
  8388 | D:7      | Reached skill level 1 in Poison Magic
  8592 | D:7      | Found an ornate altar of the Wu Jian Council.
  8600 | D:7      | Found a basalt altar of Yredelemnul.
  8889 | D:7      | Found Qoedom Pannu's Jewellery Shop.
  8900 | D:7      | Bought a cursed ring of teleportation for 63 gold pieces
  8900 | D:7      | Bought a cursed amulet of inaccuracy for 28 gold pieces
  8912 | D:7      | Gained mutation: You are agile. (Dex +2) [potion of mutation]
  8912 | D:7      | Gained mutation: Your body sometimes deteriorates upon taking damage. [potion of mutation]
  8912 | D:7      | Gained mutation: Your flesh is very heat resistant. (rF++) [potion of mutation]
  8912 | D:7      | Gained mutation: Your flesh is cold resistant. (rC+) [potion of mutation]
  9024 | D:7      | Reached XP level 10. HP: 75/80 MP: 16/16
  9140 | D:8      | Reached skill level 5 in Fighting
  9488 | D:8      | Noticed a two-headed ogre
  9557 | D:8      | Killed a two-headed ogre
  9557 | D:8      | Reached skill level 10 in Long Blades
  9638 | D:8      | Noticed Cressida's ghost (novice VSFE)
  9651 | D:8      | Killed Cressida's ghost
 10694 | D:3      | Lost mutation: Your body sometimes deteriorates upon taking damage. [potion of mutation]
 10694 | D:3      | Gained mutation: You can translocate small distances at will. [potion of mutation]
 10694 | D:3      | Lost mutation: Your flesh is very heat resistant. (rF++) [potion of mutation]
 10694 | D:3      | Gained mutation: You possess an exceptional clarity of mind. [potion of mutation]
 10942 | D:9      | Noticed a two-headed ogre
 10954 | D:9      | Killed a two-headed ogre
 10954 | D:9      | Reached ***** piety under Okawaru
 10954 | D:9      | Reached skill level 5 in Dodging
 10954 | D:9      | Reached skill level 5 in Conjurations
 11298 | D:9      | Noticed a two-headed ogre
 11307 | D:9      | Killed a two-headed ogre
 11565 | D:10     | Entered Level 10 of the Dungeon
 11570 | D:9      | Received a gift from Okawaru
 11570 | D:9      | Reached XP level 11. HP: 79/89 MP: 17/17
 11578 | D:9      | Got a pair of bloodstained gloves {god gift}
 11584 | D:9      | Identified the +0 pair of gloves "Fifi" {rF+} (Okawaru gifted it to you on level 9 of the Dungeon)
 11919 | D:10     | Found a staircase to the Lair.
 12599 | D:10     | Killed from afar by a gargoyle

Vault maps used:
D:1:      lightli_arrival_statue_moat
D:2:      nicolae_overflow_crystal_walls, uniq_robin
D:3:      lemuel_round_altar, gup_sewer_entry_bubbles, uniq_ijyb
D:4:      uniq_eustachio
D:5:      lemuel_upstairs_altar, first_bread, basic_altar,
          minmay_curled_crystal, zaba_anthole, feat_on_display
D:6:      nicolae_overflow_hidden_temple, okawaru_ov_weapons_minmay,
          kb_lookout_dungeons_type, minmay_misc_feat_encased, uniq_grinder
D:7:      kennysheep_mini, lemuel_doored_altar, minmay_temple_entry_trees,
          serial_shops, shop, uniq_joseph
D:10:     due_lair_maze_entry_diamond, grunt_ogre_cave, minivault_22
Temple:   nicolae_temple_elliptical
Sewer:    sewer_the_crocodile

Skill      XL: |  1  2  3  4  5  6  7  8  9 10 11 |
---------------+----------------------------------+-----
Long Blades    | 4 5 7 8 9 10 | 10.6
Dodging        | 3 5 |  5.4
Spellcasting   | 2 3 4 |  4.3
Fighting       | 4 6 |  6.4
Fire Magic     | 2 4 5 6 7 |  7.0
Conjurations   | 1 3 4 5 |  5.8
Translocations | 1 3 4 |  4.4
Air Magic      | 2 3 |  3.8
Poison Magic   | 1 3 |  3.3
Stealth        | |  1.7

Action                   |  1- 3 |  4- 6 |  7- 9 | 10-12 || total
-------------------------+-------+-------+-------+-------++-------
Melee: Falchion          |    78 |   238 |   462 |   322 ||  1100
       Tailslap          |    10 |    32 |    78 |    52 ||   172
       Scimitar          |       |       |    16 |       ||    16
 Cast: Conjure Flame     |       |       |     5 |     6 ||    11
       Magic Dart        |       |       |     4 |     9 ||    13
       Mephitic Cloud    |       |       |     3 |     2 ||     5
 Abil: Breathe Fire      |       |       |    10 |    10 ||    20
Evoke: Wand              |       |     1 |       |       ||     1
  Use: Scroll            |       |     5 |     6 |     1 ||    12
       Potion            |       |     3 |     5 |     3 ||    11
 Stab: Invisible         |       |     2 |       |       ||     2
       Sleeping          |       |       |     3 |     1 ||     4
       Confused          |       |       |     2 |       ||     2
  Eat: Chunk             |     1 |     9 |    17 |    13 ||    40
       Fruit             |       |       |     3 |       ||     3
Armor: Skin              |    23 |    60 |    92 |    81 ||   256
Dodge: Dodged            |    63 |   158 |   239 |   262 ||   722
       Rpst.: Falchion   |    22 |    58 |    84 |    80 ||   244
       Scimitar          |       |       |     1 |       ||     1

Table legend:
 A = Spawn XP
 B = Non-spawn XP
 C = Spawn XP percentage of total XP
 D = Spawn monster count
 E = Non-spawn monster count
 F = Spawn count percentage of total count
 G = Total turns spent on level
                    A         B        C        D         E        F      G
               +---------+---------+-------+---------+---------+-------+---------
         Total |       0 |   12557 |   0.0 |       0 |     241 |   0.0 | 12599
               +---------+---------+-------+---------+---------+-------+---------
           D:1 |       0 |      19 |   0.0 |       0 |      10 |   0.0 |   673
           D:2 |       0 |     127 |   0.0 |       0 |      32 |   0.0 |   920
           D:3 |       0 |     317 |   0.0 |       0 |      36 |   0.0 |  1419
           D:4 |       0 |     488 |   0.0 |       0 |      22 |   0.0 |  1078
           D:5 |       0 |     953 |   0.0 |       0 |      30 |   0.0 |  1742
           D:6 |       0 |     930 |   0.0 |       0 |      17 |   0.0 |  1650
           D:7 |       0 |    2626 |   0.0 |       0 |      32 |   0.0 |  1620
           D:8 |       0 |    2821 |   0.0 |       0 |      21 |   0.0 |  1316
           D:9 |       0 |    3093 |   0.0 |       0 |      26 |   0.0 |  1618
          D:10 |       0 |    1071 |   0.0 |       0 |       9 |   0.0 |   161
         Sewer |       0 |     112 |   0.0 |       0 |       6 |   0.0 |   258
               +---------+---------+-------+---------+---------+-------+---------
